 Dungeon Crawl Stone Soup version 0.21.1-1-g345015f (webtiles) character file.

7569 kae the Cleaver (level 11, -3/97 HPs)
             Began as a Hill Orc Fighter on June 1, 2018.
             Was a Believer of Makhleb.
             Killed from afar by a gargoyle (10 damage)
             ... with a stone arrow
             ... on level 9 of the Dungeon.
             The game lasted 00:07:32 (8706 turns).

kae the Cleaver (Hill Orc Fighter)                  Turns: 8706, Time: 00:07:33

Health: -3/97      AC:  9    Str: 28    XL:     11   Next: 17%
Magic:  15/15      EV: 14    Int:  8    God:    Makhleb [**....]
Gold:   350        SH:  5    Dex:  7    Spells: 10/10 levels left

rFire    + + .     SeeInvis .   r - +8 war axe of the New World {flame, rF++ Str+5 Dex-3}
rCold    . . .     Gourm    .   e - +1 buckler
rNeg     . . .     Faith    .   b - +0 scale mail
rPois    .         Spirit   .   o - +0 helmet
rElec    .         Reflect  .   (no cloak)
rCorr    .         Harm     .   (no gloves)
MR       +....                  (no boots)
Stlth    ..........             (no amulet)
HPRegen  0.26/turn              i - ring of protection from magic
MPRegen  0.14/turn              p - +2 ring of evasion

@: no status effects
A: no striking features
a: Minor Destruction, Renounce Religion


You were on level 9 of the Dungeon.
You worshipped Makhleb.
Makhleb was pleased with you.
You were not hungry.

You visited 2 branches of the dungeon, and saw 10 of its levels.
You also visited: Ossuary.

You collected 607 gold pieces.
You spent 257 gold pieces at shops.

Inventory:

Hand Weapons
 a - a +1 war axe
 r - the +8 war axe of the New World (weapon) {flame, rF++ Str+5 Dex-3}
   (You bought it in a shop on level 5 of the Dungeon)

   It has been specially enchanted to burn those struck by it, causing extra
   injury to most foes and up to half again as much damage against particularly
   susceptible opponents.
   Big, fiery blades are also staple armaments of hydra-hunters.
   It affects your strength (+5).
   It affects your dexterity (-3).
   It greatly protects you from fire.
Missiles
 B - 2 throwing nets (quivered)
Armour
 b - a +0 scale mail (worn)
 e - a +1 buckler (worn)
 o - a +0 helmet (worn)
Jewellery
 i - a ring of protection from magic (left hand)
 p - a +2 ring of evasion (right hand)
 C - an uncursed ring of wizardry
Wands
 m - a wand of polymorph (9)
 t - a wand of flame (17)
 w - a wand of iceblast (8)
 y - a wand of paralysis (10)
Scrolls
 g - 4 scrolls of teleportation
 j - 2 scrolls of remove curse
 n - 2 scrolls of enchant weapon
 v - a scroll of immolation
 x - a scroll of fear
 z - a scroll of enchant armour
 D - a scroll of fog
 F - a scroll of summoning {unknown}
Potions
 c - a potion of brilliance
 d - 2 potions of might
 h - 6 potions of curing
 l - 5 potions of flight
 q - 6 potions of agility
 s - 5 potions of heal wounds
 u - a potion of magic
 A - 2 potions of mutation
Books
 k - a book of Air

   Spells                             Type                      Level
   a - Shock                          Conjuration/Air              1
   b - Swiftness                      Charms/Air                   2
   c - Static Discharge               Conjuration/Air              3
   d - Airstrike                      Air                          4
   e - Lightning Bolt                 Conjuration/Air              5
 E - a book of Maledictions

   Spells                             Type                      Level
   a - Corona                         Hexes                        1
   b - Ensorcelled Hibernation        Hexes/Ice                    2
   c - Confuse                        Hexes                        3
   d - Tukima's Dance                 Hexes                        3
   e - Dazzling Spray                 Conjuration/Hexes            3
Comestibles
 f - 18 rations


   Skills:
 + Level 9.4 Fighting
 * Level 13.2 Axes
 + Level 8.6 Armour
 + Level 5.9 Dodging
 - Level 4.0 Shields
 + Level 5.5 Invocations


You had 10 spell levels left.
You didn't know any spells.

Dungeon Overview and Level Annotations

Branches:
Dungeon (9/15)             Temple (1/1) D:5
   Lair: D:8-11         Orc: D:9-12

Altars:
Ashenzari
Cheibriados
Dithmenos
Elyvilon
Fedhas
Gozag
Hepliaklqana
Kikubaaqudgha
Makhleb
Nemelex Xobeh
Okawaru
Qazlal
Ru
Sif Muna
Trog
Uskayaw
Vehumet
Wu Jian
Xom
Yredelemnul
Zin
The Shining One

Shops:
D:5 *[%[   D:6 =

Annotations:
D:3 1 runed door


Message History

The stone arrow misses you.
You completely miss the gargoyle.
The gargoyle is almost destroyed.
The gargoyle hurls a stone arrow at you.
The stone arrow hits you!
* * * LOW HITPOINT WARNING * * *
You completely miss the gargoyle.
The gargoyle is almost destroyed.
The gargoyle hurls a stone arrow at you.
The stone arrow hits you!
* * * LOW HITPOINT WARNING * * *
You barely miss the gargoyle.
The gargoyle is almost destroyed.
The gargoyle hits you with a morningstar!
* * * LOW HITPOINT WARNING * * *
You barely miss the gargoyle.
The gargoyle is almost destroyed.
The gargoyle hurls a stone arrow at you.
The stone arrow hits you!
You die...

#....# ##...##(#..........
......###+.....)###..##.....
.......# #.......#.#..##.....
.......##+.......)##..##.....
.......##....8....##..##.....
....... #+.......'##..##.....
#.......#8#..##.....
#+.....'### ##@.'##8#
#9###8### ## ## ......#
#........##.....# #.


You could see a gargoyle.

Vanquished Creatures
  2 two-headed ogres
  The ghost of empire the Slasher, a novice MiFi (D:5)
  A manticore (D:6)
  2 gargoyles (D:9)
  A hippogriff (D:8)
  6 yaks (D:9)
  3 hungry ghosts
  The ghost of Tiareth the Magician, an amateur DEWz (D:4)
  2 orc warriors (D:8)
  4 sky beasts
  An ice beast (D:9)
  A phantom (D:5)
  2 ogres
  2 centaurs
  A big kobold (D:9)
  An elf zombie (Ossuary)
  Blork the orc (D:4)
  2 bullfrogs
  A scorpion (D:5)
  5 killer bees (D:7)
  A quasit (D:9)
  2 centaur zombies
  3 crimson imps
  4 hounds
  2 bullfrog skeletons
  A jelly (D:7)
  10 orc priests
  10 orc wizards
  An iron imp (D:6)
  Ijyb (D:5)
  An iguana (D:4)
  11 worker ants
  A big kobold zombie (Ossuary)
  2 mummies (Ossuary)
  A worker ant zombie (D:6)
  Robin (D:3)
  10 gnolls
  6 adders
  A shadow imp (D:8)
  An adder skeleton (D:7)
  2 adder zombies (Ossuary)
  3 dart slugs
  6 leopard geckos
  29 orcs
  8 giant cockroaches
  13 goblins
  12 hobgoblins
  4 jackals (D:7)
  3 quokkas
  9 bats
  3 frilled lizards
  4 goblin zombies (Ossuary)
  10 hobgoblin zombies (Ossuary)
  A jackal skeleton (D:4)
  14 kobolds
  9 kobold zombies (Ossuary)
  A leopard gecko skeleton (D:4)
  A leopard gecko zombie (D:6)
  7 orc zombies (Ossuary)
  6 rats
  2 rat zombies (Ossuary)
257 creatures vanquished.

Notes
Turn   | Place    | Note
-------+----------+-------------------------------------------
     0 | D:1      | kae the Hill Orc Fighter began the quest for the Orb.
     0 | D:1      | Reached XP level 1. HP: 19/19 MP: 1/1
     8 | D:1      | Reached skill level 3 in Axes
    64 | D:1      | Reached XP level 2. HP: 24/27 MP: 2/2
   450 | D:1      | Reached XP level 3. HP: 29/33 MP: 3/3
  1479 | D:3      | Reached skill level 4 in Axes
  1479 | D:3      | Reached skill level 1 in Dodging
  1479 | D:3      | Reached XP level 4. HP: 36/40 MP: 4/4
  1884 | D:3      | Noticed Robin
  1914 | D:3      | Killed Robin
  1914 | D:3      | Reached XP level 5. HP: 22/46 MP: 5/5
  2111 | D:3      | Found a stormy altar of Qazlal.
  2381 | D:3      | Found a runed door.
  2530 | D:3      | Found a glowing silver altar of Zin.
  2530 | D:3      | Noticed an angel
  2749 | D:4      | Found an ancient bone altar of Kikubaaqudgha.
  2830 | D:4      | Reached skill level 5 in Axes
  2834 | D:4      | Reached XP level 6. HP: 39/53 MP: 6/6
  2896 | D:4      | Found a sparkling altar of Nemelex Xobeh.
  2911 | D:4      | Noticed Tiareth's ghost (amateur DEWz)
  3140 | D:4      | Noticed Blork the orc
  3156 | D:4      | Killed Blork the orc
  3178 | D:4      | Killed Tiareth's ghost
  3178 | D:4      | Reached skill level 5 in Fighting
  3178 | D:4      | Reached skill level 6 in Axes
  3178 | D:4      | Reached XP level 7. HP: 55/61 MP: 7/7
  3481 | D:5      | Entered Level 5 of the Dungeon
  3602 | D:5      | Noticed Ijyb
  3623 | D:5      | Killed Ijyb
  3626 | D:5      | Found Anomem's Armour Shoppe.
  3670 | D:5      | Reached skill level 7 in Axes
  3670 | D:5      | Reached skill level 5 in Armour
  3691 | D:5      | Noticed empire's ghost (novice MiFi)
  3706 | D:5      | Killed empire's ghost
  3706 | D:5      | Reached skill level 8 in Axes
  3706 | D:5      | Reached XP level 8. HP: 21/70 MP: 8/8
  3983 | D:5      | Found a staircase to the Ecumenical Temple.
  4038 | D:5      | Found Buler's Food Shop.
  4084 | Temple   | Entered the Ecumenical Temple
  4333 | D:5      | Found a radiant altar of Vehumet.
  4409 | D:5      | Reached skill level 9 in Axes
  4511 | D:5      | Found Zudaalos's Armour Shop.
  4587 | D:5      | Found Jegruhy's Assorted Antiques.
  4592 | D:5      | Bought an ebony war axe for 161 gold pieces
  4592 | D:5      | Identified the +8 war axe of the New World {flame, rF++ Str+5 Dex-3} (You bought it in a shop on level 5 of the Dungeon)
  4593 | D:5      | Bought 2 sedimented golden potions for 34 gold pieces
  4593 | D:5      | Bought a scroll of identify for 38 gold pieces
  4752 | D:6      | Found Irhol's Jewellery Shoppe.
  4760 | D:6      | Bought a cursed -3 ring of dexterity for 24 gold pieces
  4798 | D:6      | Noticed a manticore
  4803 | D:6      | Reached XP level 9. HP: 71/78 MP: 9/9
  4808 | D:6      | Killed a manticore
  4808 | D:6      | Reached skill level 10 in Axes
  5197 | D:6      | Found a snail-covered altar of Cheibriados.
  5455 | D:6      | Found a stormy altar of Qazlal.
  5463 | D:6      | Found a glowing silver altar of Zin.
  5463 | D:6      | Found a shimmering altar of Xom.
  5465 | D:6      | Found a shimmering altar of Xom.
  5465 | D:6      | Found a white marble altar of Elyvilon.
  5465 | D:6      | Found an opulent altar of Gozag.
  5523 | D:7      | Found a shadowy altar of Dithmenos.
  6149 | D:7      | Found a burning altar of Makhleb.
  6156 | D:7      | Became a worshipper of Makhleb the Destroyer
  6466 | D:7      | Reached skill level 1 in Invocations
  6469 | D:7      | Reached skill level 11 in Axes
  6896 | D:8      | Reached XP level 10. HP: 64/88 MP: 11/11
  6928 | D:8      | Found a sand-covered staircase.
  6980 | Ossuary  | Entered an ossuary
  7054 | Ossuary  | Reached * piety under Makhleb
  7250 | D:8      | Found a blossoming altar of Fedhas.
  7297 | D:8      | Found a hazy altar of Hepliaklqana.
  7356 | D:8      | Reached skill level 5 in Dodging
  7445 | D:8      | Noticed a two-headed ogre
  7450 | D:8      | Killed a two-headed ogre
  7626 | D:8      | Found an opulent altar of Gozag.
  7737 | D:8      | Reached ** piety under Makhleb
  7758 | D:8      | Reached skill level 12 in Axes
  7923 | D:9      | Found a white marble altar of Elyvilon.
  8406 | D:9      | Noticed a two-headed ogre
  8414 | D:9      | Killed a two-headed ogre
  8414 | D:9      | Reached skill level 13 in Axes
  8414 | D:9      | Reached skill level 5 in Invocations
  8414 | D:9      | Reached XP level 11. HP: 83/97 MP: 14/14
  8516 | D:9      | Found an iron altar of Okawaru.
  8706 | D:9      | Killed from afar by a gargoyle

Skill      XL: |  1  2  3  4  5  6  7  8  9 10 |
---------------+-------------------------------+-----
Axes           | 3 4 5 6 8 9 11 13 | 13.2
Fighting       | 4 5 6 8 9 |  9.4
Dodging        | 1 2 3 4 5 |  5.9
Shields        | 4 |  4.0
Armour         | 4 5 6 7 8 |  8.6
Invocations    | 2 5 |  5.5

Action                   |  1- 3 |  4- 6 |  7- 9 | 10-12 || total
-------------------------+-------+-------+-------+-------++-------
Melee: War axe           |   108 |   121 |   240 |   198 ||   667
  Use: Scroll            |       |     6 |     8 |     5 ||    19
       Potion            |       |       |     1 |       ||     1
  Eat: Chunk             |     1 |     6 |    10 |     8 ||    25
       Ration            |       |       |     1 |       ||     1
Armor: Scale mail        |    47 |    70 |    84 |    26 ||   227
Dodge: Dodged            |    52 |    73 |   102 |   104 ||   331
Block: Shield            |     2 |       |       |       ||     2
       Buckler           |    15 |    34 |    44 |    40 ||   133
